 Dungeon Crawl Stone Soup version 0.28-b1-1-g3c77fb2ed1 (webtiles) character file.

Game seed: 15804132887928057568

28 zeram the Sneak (level 3, 0/21 HPs)
             Began as an Octopode Enchanter on Jan 28, 2022.
             Slain by a gnoll (7 damage)
             ... on level 2 of the Dungeon.
             The game lasted 00:01:46 (1121 turns).

zeram the Sneak (Octopode Enchanter)                Turns: 1121, Time: 00:01:46

Health: 0/21       AC:  1    Str:  7    XL:     3   Next: 14%
Magic:  6/6        EV: 13    Int: 19    God:
Gold:   58         SH:  0    Dex: 12    Spells: 1/6 levels left

rFire   . . .      SeeInvis .   a - +1 dagger
rCold   . . .      Faith    .   (no shield)
rNeg    . . .      Spirit   .   (helmet restricted)
rPois   .          Reflect  .   (no amulet)
rElec   .          Harm     .   (no ring)
rCorr   .          Rampage  .   (no ring)
Will    .....                   (no ring)
Stlth   ++++......              (no ring)
HPRegen 0.07/turn               (no ring)
MPRegen 0.10/turn               (no ring)
                                (no ring)
                                (no ring)

@: no status effects
A: almost no armour, amphibious, 8 rings, camouflage 1, gelatinous body 1,
(nimble swimmer 1), tentacles
a: no special abilities


You were on level 2 of the Dungeon.
You visited 1 branch of the dungeon, and saw 2 of its levels.

You collected 58 gold pieces.

Inventory:

Hand Weapons
 a - a +1 dagger (weapon)
Potions
 b - a potion of invisibility
 c - 2 potions of heal wounds {unknown}
 d - a potion of might {unknown}


   Skills:
 + Level 1.0 Short Blades
 + Level 2.2 Dodging
 + Level 4.7 Stealth
 + Level 2.1 Spellcasting
 + Level 3.5 Hexes


You had one spell level left.
You knew the following spells:

 Your Spells              Type           Power      Damage    Failure   Level
a - Ensorcelled Hibernat  Hex/Ice        16%        N/A       12%         2
b - Tukima's Dance        Hex            15%        N/A       12%         3

Your spell library contained the following spells:

 Spells                   Type           Power      Damage    Failure   Level
 Confusing Touch          Hex            15%        N/A       12%         3
 Dazzling Flash           Conj/Hex       16%        N/A       24%         3
 Inner Flame              Hex/Fire       8%         N/A       24%         3
 Cause Fear               Hex            7%         N/A       36%         4
 Discord                  Hex            7%         N/A       100%        8


Dungeon Overview and Level Annotations

Branches:
Dungeon (2/15)

Altars:


Innate Abilities, Weirdness & Mutations

You cannot wear most types of armour.
You are amphibious.
You can wear up to eight rings at the same time.
Your skin changes colour to match your surroundings (Stealth+).
Your rubbery body absorbs attacks. (AC +1, EV +1)
((You are camouflaged when in or above water. (Stealth+)))
You have tentacles for arms and can constrict up to eight enemies at once.


Message History

A gnoll comes into view. It is wielding a +0 flail.
A gnoll comes into view. It is wielding a +3 vorpal spear.
The gnoll completely misses you.
You hit the gnoll. You grab the gnoll.
The gnoll is lightly wounded.
You constrict the gnoll.
The gnoll shouts! x3
The gnoll closely misses you. The gnoll hits you with a +0 flail.
The giant cockroach misses you.
You hit the gnoll but do no damage.
You squeeze the gnoll, but do no damage.
The gnoll is moderately wounded.
You constrict the gnoll, but do no damage.
The gnoll closely misses you. The gnoll barely misses you.
The gnoll escapes!
The giant cockroach closely misses you.
You hit the gnoll but do no damage. You grab the gnoll.
The gnoll is moderately wounded.
You constrict the gnoll, but do no damage.
The gnoll misses you. x2; The gnoll hits you with a +0 flail!
The giant cockroach bites you but does no damage.
You are too injured to fight recklessly!
You are too injured to fight recklessly!
You are too injured to fight recklessly!
You are too injured to fight recklessly!
You are too injured to fight recklessly!
You are too injured to fight recklessly!
You are too injured to fight recklessly!
You are too injured to fight recklessly!
You are too injured to fight recklessly!
You are too injured to fight recklessly!
You are too injured to fight recklessly!
You are too injured to fight recklessly!
You are too injured to fight recklessly!
You are too injured to fight recklessly!
You are too injured to fight recklessly!
You are too injured to fight recklessly!
Unknown command.
You release your grip on the gnoll.
The gnoll hits you with a +0 flail!
You die...

..#.#.# #.#####.#.#.#
##.#..(#...#.#
..#.#.....#.##########
###.....#.#............ .
..#..#.#.#........#.## ..
#.#..#.#.#.....g.....#.
...#.#..#.#.#....g..g.....
................@Bg######.
.<...<..#.#.#....#..#
.#.####†#.#.#.......#
..#.#.#...#####
####.#.#...# #.#.#...#
#.#.#...# ....#...#


You could see 4 gnolls and a giant cockroach.

Vanquished Creatures
  A ball python (D:1)
  An endoplasm (D:1)
  2 giant cockroaches (D:1)
  3 hobgoblins (D:1)
  3 jackals (D:1)
  7 kobolds (D:1)
  A quokka (D:1)
  4 bats
  2 frilled lizards (D:1)
  2 rats (D:1)
26 creatures vanquished.

Vanquished Creatures (others)
  5 plants (D:1)
  9 withered plants (D:1)
14 creatures vanquished.

Grand Total: 40 creatures vanquished

Notes
Turn   | Place    | Note
-------+----------+-------------------------------------------
     0 | D:1      | zeram the Octopode Enchanter began the quest for the Orb.
     0 | D:1      | Reached XP level 1. HP: 11/11 MP: 3/3
   188 | D:1      | Reached XP level 2. HP: 8/17 MP: 5/5
   692 | D:1      | Found a faded altar of an unknown god.
   826 | D:1      | Reached XP level 3. HP: 21/21 MP: 6/6
   829 | D:1      | Learned a level 2 spell: Ensorcelled Hibernation
   833 | D:1      | Learned a level 3 spell: Tukima's Dance
  1121 | D:2      | Slain by a gnoll

Illustrated notes

Levels and vault maps discovered:
D:1:      lightli_arrival_quake, layout_rooms,
          shapermc_ecumenical_altar_flowoftime
D:2:      layout_basic, basic_altar, hangedman_glass_teeth, uniq_natasha

Action                   || total
-------------------------++-------
Melee: Dagger            ||    55
       Constrict         ||    16
       Tentacles         ||    10
 Stab: Sleeping          ||    10
Armor: Skin              ||     7
Dodge: Dodged            ||    40
